 Dungeon Crawl Stone Soup version 0.29-a0-234-g0dae59b3db (webtiles) character file.

Game seed: 14723527335937478023

4981 ReploidZero the Grappler (level 10, -2/104 HPs)
             Began as a Troll Monk on Feb 28, 2022.
             Was an Elder of Wu Jian.
             Slain by an unseen horror (9 damage)
             ... on level 7 of the Dungeon on Mar 2, 2022.
             The game lasted 00:21:52 (5679 turns).

ReploidZero the Grappler (Troll Monk)               Turns: 5679, Time: 00:21:55

Health: -2/104     AC:  7    Str: 27    XL:     10   Next: 29%
Magic:  9/9        EV: 12    Int:  6    God:    Wu Jian [****..]
Gold:   467        SH:  0    Dex: 12    Spells: 9/9 levels left

rFire   + + .      SeeInvis .     - Unarmed
rCold   . . .      Faith    .   (no shield)
rNeg    . . .      Spirit   .   k - +2 robe {Will+}
rPois   .          Reflect  .   (helmet restricted)
rElec   .          Harm     .   l - +0 cloak of the Wasteland {rF++ rCorr Str+2}
rCorr   +          Rampage  .   (gloves unavailable)
Will    +....                   (boots unavailable)
Stlth   ++........              (no amulet)
HPRegen 1.07/turn               (no ring)
MPRegen 0.11/turn               (no ring)

@: invisible
A: large, unfitting armour, claws 3, regeneration 1, shaggy fur 1, tough skin 1
a: Renounce Religion, Wall Jump, Serpent's Lash


You were on level 7 of the Dungeon.
You worshipped Wu Jian.
Wu Jian was greatly pleased with you.
You visited 2 branches of the dungeon, and saw 8 of its levels.

You collected 467 gold pieces.

Inventory:

Hand Weapons
 t - a +1 broad axe of draining
Missiles
 a - a throwing net
 m - 5 curare-tipped darts (quivered)
 n - 29 poisoned darts
Armour
 k - a +2 robe of willpower (worn)
 l - the +0 cloak of the Wasteland (worn) {rF++ rCorr Str+2}
   (You found it on level 3 of the Dungeon)

   Str:       It affects your strength (+2).
   rF:        It greatly protects you from fire.
   rCorr:     It protects you from acid and corrosion.
Jewellery
 s - an amulet of magic regeneration
Wands
 e - a wand of polymorph (1)
 v - a wand of charming (5)
Scrolls
 g - a scroll of teleportation
 i - a scroll of vulnerability
 o - a scroll of noise
 u - a scroll of enchant weapon
Potions
 b - 2 potions of ambrosia
 c - 4 potions of magic
 f - 2 potions of brilliance {unknown}
 h - 4 potions of attraction
 j - a potion of resistance {unknown}
 p - 2 potions of cancellation {unknown}
 q - a potion of lignification {unknown}
 r - 4 potions of flight {unknown}


   Skills:
 + Level 7.8 Fighting
 + Level 7.8 Dodging
 - Level 1.0 Stealth
 + Level 9.4 Unarmed Combat


You had 9 spell levels left.
You didn't know any spells.
Your spell library contained the following spells:

 Spells                   Type           Power      Damage    Failure   Level
 Sandblast                Erth           0%         2d4       45%         1
 Passwall                 Tmut/Erth      0%         N/A       58%         2
 Stone Arrow              Conj/Erth      0%         3d7       83%         3
 Animate Armour           Summ/Erth      0%         N/A       99%         4
 Fireball                 Conj/Fire      0%         3d3       100%        5
 Iskenderun's Battlesphe  Conj           0%         2d6       100%        5
 Conjure Ball Lightning   Conj/Air       0%         3x3d6     100%        6
 Orb of Destruction       Conj           0%         9d5       100%        7
 Lehudib's Crystal Spear  Conj/Erth      0%         10d2      100%        8


Dungeon Overview and Level Annotations

Branches:
Dungeon (7/15)             Temple (1/1) D:4

Altars:
Ashenzari
Cheibriados
Dithmenos
Elyvilon
Fedhas
Gozag
Hepliaklqana
Kikubaaqudgha
Makhleb
Okawaru
Qazlal
Ru
Sif Muna
Trog
Uskayaw
Vehumet
Wu Jian
Xom
Yredelemnul
Zin
The Shining One


Innate Abilities, Weirdness & Mutations

You are too large for most types of armour.
You have claws for hands.
Your natural rate of healing is unusually fast.
You are covered in fur. (AC +1)
You have tough skin. (AC +1)


Message History

Something hits you but does no damage.
There is an open door here.
Something hits you.
* * * LOW HITPOINT WARNING * * *
Unknown command.
Something hits you but does no damage. Something hits you.
* * * LOW HITPOINT WARNING * * *
Something hits you but does no damage.
There is an open door, spattered with blood here.
Unknown command.
You scratch the gnoll.
The gnoll is moderately wounded.
Something hits you.
* * * LOW HITPOINT WARNING * * *
You closely miss the gnoll.
The gnoll is moderately wounded.
Something hits you!
* * * LOW HITPOINT WARNING * * *
The gnoll hits you with a +0 flail.
* * * LOW HITPOINT WARNING * * *
Unknown command.
Something hits you but does no damage. Something hits you but does no damage.
It was a potion of invisibility.
You fade into invisibility!
Something hits you.
* * * LOW HITPOINT WARNING * * *
Something hits you.
* * * LOW HITPOINT WARNING * * *
Something hits you.
* * * LOW HITPOINT WARNING * * *
The gnoll misses you.
Aiming: Wall Jump
Press: ? - help, Dir - move target You repeatedly attack the gnoll from above.
You mangle the gnoll!!
You kill the gnoll!
The Council accepts your kill. Something hits you!
You die...

.####.####################
.........................
≈≈≈)...≈≈≈≈≈≈≈≈≈≈≈≈≈≈≈≈≈
≈≈≈))..≈≈≈≈≈≈≈≈≈≈≈≈≈≈≈≈
≈≈≈..).≈≈≈≈≈≈≈≈≈≈≈≈#####
...................#...#
###''''#############)).#
###....#######.○#°.#'###
..'....).....'.○@○.#.#
###....#######.°#○.#.#
####''##############.#
)..)).......).'....).#
..............'....'.#
..............######)#
..............#....#.#
####')#########....#.#
...'..'.......'...(#)###


There were no monsters in sight!

Vanquished Creatures
  A two-headed ogre (D:7)
  Maggie (D:6)
  3 vampire mosquitoes (D:7)
  Edmund (D:6)
  A water moccasin (D:7)
  2 orc warriors (D:7)
  An ice beast (D:7)
  3 black bears
  2 sky beasts
  8 ogres
  2 centaurs
  3 phantoms
  3 kobold brigands
  A gnoll sergeant (D:7)
  2 necrophages
  5 killer bees
  3 howler monkeys (D:7)
  3 hounds
  4 orc priests (D:7)
  2 gnoll shamans (D:7)
  Jessica (D:3)
  5 iguanas
  Terence (D:2)
  13 orc wizards
  13 gnolls
  4 adders
  A white imp (D:5)
  4 worms
  2 dart slugs
  24 orcs
  6 endoplasms
  3 giant cockroaches
  2 goblins (D:1)
  7 hobgoblins
  2 jackals (D:2)
  15 kobolds
  6 quokkas
  7 ball pythons
  6 bats (D:1)
  3 frilled lizards
  4 rats
180 creatures vanquished.

Vanquished Creatures (others)
  An orc (D:7)
1 creature vanquished.

Grand Total: 181 creatures vanquished

Notes
Turn   | Place    | Note
-------+----------+-------------------------------------------
     0 | D:1      | ReploidZero the Troll Monk began the quest for the Orb.
     0 | D:1      | Reached XP level 1. HP: 22/22 MP: 0/0
   101 | D:1      | Reached XP level 2. HP: 28/29 MP: 1/1
   539 | D:1      | Reached XP level 3. HP: 36/36 MP: 2/2
  1019 | D:2      | Noticed Terence
  1033 | D:2      | Killed Terence
  1034 | D:2      | Reached XP level 4. HP: 11/45 MP: 3/3
  1150 | D:2      | Found a stormy altar of Qazlal.
  1588 | D:3      | Noticed Jessica
  1593 | D:3      | Killed Jessica
  1594 | D:3      | Reached skill level 4 in Unarmed Combat
  1784 | D:3      | Reached XP level 5. HP: 53/53 MP: 4/4
  1861 | D:3      | Identified the +0 cloak of the Wasteland {rF++ rCorr Str+2}
  2361 | D:3      | Upgraded the game from 0.29-a0-231-g945431f764 to
                  | 0.29-a0-233-g1125b37a9b
  2392 | D:4      | Found a staircase to the Ecumenical Temple.
  2414 | Temple   | Entered the Ecumenical Temple
  2558 | Temple   | Became a worshipper of the Wu Jian Council
  2558 | Temple   | Reached * piety under Wu Jian
  2558 | Temple   | Reached ** piety under Wu Jian
  2597 | D:4      | Noticed a phantom
  2617 | D:4      | Killed a phantom
  2618 | D:4      | Reached XP level 6. HP: 45/62 MP: 5/5
  2742 | D:4      | Reached skill level 5 in Unarmed Combat
  2786 | D:4      | Reached XP level 7. HP: 66/70 MP: 6/6
  3079 | D:5      | Entered Level 5 of the Dungeon
  3148 | D:5      | Found a blossoming altar of Fedhas.
  3261 | D:5      | Reached skill level 5 in Fighting
  3261 | D:5      | Reached skill level 5 in Dodging
  3261 | D:5      | Reached skill level 6 in Unarmed Combat
  3267 | D:5      | Reached XP level 8. HP: 70/80 MP: 7/7
  3799 | D:6      | Reached *** piety under Wu Jian
  3930 | D:6      | Identified the +8 war axe "Folieffe" {freeze, rCorr}
  3944 | D:6      | Reached skill level 7 in Unarmed Combat
  4088 | D:6      | Noticed Edmund
  4096 | D:6      | Killed Edmund
  4131 | D:6      | Noticed Maggie
  4142 | D:6      | Killed Maggie
  4143 | D:6      | Reached XP level 9. HP: 33/89 MP: 8/8
  4787 | D:7      | Reached skill level 8 in Unarmed Combat
  4870 | D:6      | Upgraded the game from 0.29-a0-233-g1125b37a9b to
                  | 0.29-a0-234-g0dae59b3db
  5011 | D:7      | Noticed a two-headed ogre
  5036 | D:7      | Killed a two-headed ogre
  5036 | D:7      | Reached **** piety under Wu Jian
  5079 | D:7      | HP: 4/93 [something (3)]
  5171 | D:7      | Reached XP level 10. HP: 99/102 MP: 9/9
  5278 | D:7      | Reached skill level 9 in Unarmed Combat
  5678 | D:7      | HP: 5/104 [something (5)]
  5679 | D:7      | Slain by an unseen horror

Illustrated notes

Levels and vault maps discovered:
D:1:      mainiacjoe_arrival_reflecting_pool, layout_basic, serial_aquarium,
          aquarium_bridge_square [aquarium_subvault_wall,
          aquarium_subvault_bridge, aquarium_subvault_window,
          aquarium_subvault_bridge], aquarium_bridge_square
          [aquarium_subvault_wall, aquarium_subvault_bridge,
          aquarium_subvault_bridge, aquarium_subvault_window],
          aquarium_window_fake, aquarium_window_fake, aquarium_window_1,
          aquarium_window_corner, aquarium_view_2f, aquarium_view_2a,
          aquarium_balcony_3b, aquarium_pool_2
D:2:      layout_basic, basic_altar, nicolae_figureground_pulse, uniq_terence
D:3:      layout_loops_ring, kennysheep_doodads, chequers_serial_rivers_micro_e,
          uniq_jessica
D:4:      layout_gridville, minmay_temple_entry_drinking_statues, serial_glass,
          glass_columns_c, glass_columns_a, glass_columns_a, glass_columns_c,
          glass_columns_a, glass_columns_a, glass_columns_a, glass_columns_a,
          glass_columns_b, glass_columns_a, glass_columns_c, glass_columns_b,
          glass_columns_b, glass_columns_a
D:5:      layout_loops_cross, mainiacjoe_overflow_concentric_impassable
D:6:      layout_loops_ring, uniq_edmund, uniq_maggie
D:7:      lemuel_castle_with_subvaults [lemuel_castle_interior_original],
          layout_loops_cross, nemelex_spade_bored_becter, minivault_27
Temple:   regret_index_temple_chain_breaker

Skill      XL: |  1  2  3  4  5  6  7  8  9 10 |
---------------+-------------------------------+-----
Fighting       | 3 4 5 6 7 |  7.8
Dodging        | 3 4 5 6 7 |  7.8
Unarmed Combat | 4 5 6 7 8 9 |  9.4
Stealth        | |  1.0

Action                   |  1- 3 |  4- 6 |  7- 9 | 10-12 || total
-------------------------+-------+-------+-------+-------++-------
Melee: Unarmed           |    90 |   124 |   275 |    93 ||   582
       Punch             |     3 |     4 |     9 |     5 ||    21
Invok: Whirlwind         |       |    20 |    42 |     2 ||    64
       Lunge             |       |     5 |    23 |    10 ||    38
       Serpent's Lash    |       |       |     2 |       ||     2
 Abil: Wall Jump         |       |     1 |    18 |     1 ||    20
  Use: Scroll            |       |     2 |    12 |       ||    14
       Potion            |       |       |     3 |     1 ||     4
 Stab: Sleeping          |     8 |     3 |     4 |       ||    15
       Distracted        |       |       |     1 |       ||     1
Armor: Robe              |    33 |    31 |    86 |    35 ||   185
Dodge: Dodged            |    53 |    52 |   132 |    29 ||   266

Table legend: (Time is in decaauts)
 A = Elapsed time spent in this place.
 B = Non-inter-level travel time spent in this place.
 C = Inter-level travel time spent in this place.
 D = Time resting spent in this place.
 E = Time spent auto-exploring this place.
 F = Levels seen in this place.
 G = Mean time per level.
                   A        B        C        D        E       F      G
               +--------+--------+--------+--------+--------+-----+--------+
         Total |   5657 |   5251 |    406 |      0 |   4015 |   8 |  707.1 |
       Dungeon |   5489 |   5133 |    356 |      0 |   3920 |   7 |  784.1 |
        Temple |    167 |    117 |     50 |      0 |     95 |   1 |  167.0 |
               +--------+--------+--------+--------+--------+-----+--------+

Top non-repeatable levels by time:
     D:1: 1002 daAuts
     D:6: 993 daAuts
     D:7: 898 daAuts
     D:3: 717 daAuts
     D:5: 693 daAuts
     D:2: 663 daAuts
     D:4: 520 daAuts
  Temple: 167 daAuts
